 Dungeon Crawl Stone Soup version 0.27.0 (webtiles) character file.

Game seed: 15207280394993898865

70 Spaninq the Ducker (level 4, -2/19 HPs)
             Began as a Felid Artificer on July 30, 2021.
             Was a Believer of Ru.
             Killed from afar by an orc wizard (4 damage)
             ... with a magic dart
             ... on level 3 of the Dungeon.
             The game lasted 00:08:40 (4186 turns).

Spaninq the Ducker (Felid Artificer)                Turns: 4186, Time: 00:08:40

Health: -2/19      AC:  1    Str:  8    XL:     4   Next: 4%
Magic:  0/5        EV: 20    Int: 12    God:    Ru [**....]
Gold:   131        SH:  0    Dex: 23    Spells: 3/3 levels left
                                        Lives:  0   Deaths: 1

rFire    . . .     SeeInvis +     - Unarmed
rCold    . . .     Faith    .   (shield unavailable)
rNeg     . . .     Spirit   +   (armour unavailable)
rPois    .         Reflect  .   (helmet unavailable)
rElec    .         Harm     .   (cloak unavailable)
rCorr    .         Rampage  .   (gloves unavailable)
Will     .....                  (boots unavailable)
Stlth    +++.......             h - amulet of guardian spirit
HPRegen  0.06/turn              (ring unavailable)
MPRegen  0.09/turn              j - +6 ring of dexterity

@: quick
A: very small, claws 1, fangs 3, see invisible, speed 1, shaggy fur 1, missing a
hand, stealthy paws, no weapons or thrown items, no armour, multi-lived
a: Renounce Religion


You were on level 3 of the Dungeon.
You worshipped Ru.
Ru was pleased with you.
You visited 1 branch of the dungeon, and saw 5 of its levels.

You collected 131 gold pieces.

Inventory:

Jewellery
 g - a ring of protection from fire
 h - an amulet of guardian spirit (around neck)
 i - a ring of willpower
 j - a +6 ring of dexterity (right paw)
 r - a ring of positive energy
Wands
 a - a wand of flame (12) (quivered)
 b - a wand of charming (13)
 m - a wand of acid (9)
 n - a wand of iceblast (9)
Scrolls
 d - 5 scrolls of teleportation {unknown}
 f - a scroll of enchant armour {unknown}
 k - 3 scrolls of identify {unknown}
 o - a scroll of noise {unknown}
 q - a scroll of immolation {unknown}
 s - a scroll of fear {unknown}
Potions
 e - a potion of curing {unknown}
 l - a potion of attraction {unknown}
 p - a potion of might {unknown}
Miscellaneous
 c - a piece from Xom's chessboard (15/15)


   Skills:
 + Level 2.1 Fighting
 + Level 4.1 Dodging
 * Level 3.9 Stealth
 * Level 2.5 Unarmed Combat
 - Level 3.2 Evocations


You had 3 spell levels left.
You didn't know any spells.
Your spell library contained the following spells:

 Spells                   Type           Power      Damage    Failure   Level
 Animate Skeleton         Necr           0%         N/A       32%         1
 Pain                     Necr           0%         1d4       32%         1
 Vampiric Draining        Necr           0%         2d6       69%         3


Dungeon Overview and Level Annotations

Branches:
Dungeon (5/15)
 Temple: D:4-7

Altars:
Ru


Innate Abilities, Weirdness & Mutations

You have sharp claws.
You have razor-sharp teeth.
You have supernaturally acute eyesight. (SInv)
You cover ground quickly. (Speed+)
You are covered in fur. (AC +1)
You are missing a hand.
Your paws help you pounce on unaware monsters.
You are incapable of wielding weapons or throwing items.
You cannot wear armour.
You gain extra lives every three experience levels.


Message History

You scratch the hobgoblin.
You kill the hobgoblin!
s - a scroll labelled VYMEELIUPO An orc and an orc wizard come into view.
Found 17 stones.
An orc comes into view. It is wielding a +0 hand axe.
The orc shouts! x2
The orc throws a boomerang.
The boomerang completely misses you. The orc misses you.
You see here 17 stones.
The orc wizard shouts!
You scratch the orc wizard but do no damage.
You bite the orc wizard, but do no damage.
The orc wizard barely misses you. The orc wizard closely misses you.
You scratch the orc wizard but do no damage.
The orc completely misses you. The orc closely misses you.
The orc wizard misses you.
You scratch the orc wizard but do no damage.
The orc completely misses you. x2
The orc wizard begins to cast a spell, but is stunned by your conviction!
You barely miss the orc wizard.
The orc suddenly curses.
The orc hits you with a +0 hand axe. The orc barely misses you.
The orc wizard gestures at you while chanting.
The puff of flame hits you!
You scratch the orc but do no damage.
The orc is stunned by your conviction and fails to attack.
You closely miss the orc. The orc closely misses you.
You scratch the orc but do no damage. The orc hits you with a +0 hand axe.
* * * LOW HITPOINT WARNING * * *
A worm and an orc come into view.
An orc wizard comes into view. It is wielding a +0 dagger.
The orc throws a boomerang.
The boomerang hits you.
A rat comes into view.
The orc wizard hits you with a +0 dagger.
* * * LOW HITPOINT WARNING * * *
The orc wizard casts a spell at you. The magic dart hits you.
You die...

#............
.# # #. #..#
#.###..#.#.###
..# # #..# #.#
#........# .
.#####..#
#.###....#.#.#
###. .......O#
....#....#.#.#
#.. .######.#
#####....#...#
... #......
........(....#
#.# #......
######.#o#...#
#.# #......
.....#...# #@#
#......
.....###...#
#.# #.#####
...###
#...###.### #.
.#.
#...o.o...# #
# #..########
#..........
#.###....##
#.. .o... ###
w.##


You could see an orc wizard.

Vanquished Creatures
  An orc priest (D:5)
  4 adders (D:2)
  A shadow imp (D:5)
  2 worms (D:2)
  A dart slug (D:3)
  An orc (D:5)
  7 endoplasms
  4 giant cockroaches
  5 hobgoblins
  5 jackals
  A quokka (D:1)
  3 ball pythons
  5 bats
  2 frilled lizards (D:3)
  12 kobolds
  2 rats
56 creatures vanquished.

Vanquished Creatures (collateral kills)
  A goblin (D:1)
1 creature vanquished.

Vanquished Creatures (others)
  15 plants (D:1)
15 creatures vanquished.

Grand Total: 72 creatures vanquished

Notes
Turn   | Place    | Note
-------+----------+-------------------------------------------
     0 | D:1      | Spaninq the Felid Artificer began the quest for the Orb.
     0 | D:1      | Reached XP level 1. HP: 9/9 MP: 2/2
   308 | D:1      | Reached XP level 2. HP: 10/12 MP: 3/3
   617 | D:1      | Reached skill level 1 in Unarmed Combat
  1842 | D:2      | Reached XP level 3. HP: 10/15 MP: 1/4
  2746 | D:2      | Reached XP level 4. HP: 3/19 MP: 2/5
  3272 | D:2      | Found a faded altar of an unknown god.
  3281 | D:2      | Became a worshipper of Ru the Awakened
  3295 | D:2      | Gained mutation: You are missing a hand. [Ru sacrifice]
  3295 | D:2      | Reached * piety under Ru
  3295 | D:2      | Reached ** piety under Ru
  3741 | D:3      | You fall into a shaft and drop 2 floors!
  3741 | D:5      | Entered Level 5 of the Dungeon
  3819 | D:5      | Noticed a black bear
  3825 | D:5      | Reached skill level 4 in Dodging
  3844 | D:5      | Slain by a gnoll
  3845 | D:5      | Reached XP level 3. HP: -5/16 MP: 0/4
  3895 | D:4      | Noticed a black bear
  3897 | D:4      | Noticed an ogre
  3971 | D:3      | Reached XP level 4. HP: 10/19 MP: 3/5
  4186 | D:3      | Killed from afar by an orc wizard

Illustrated notes

Levels and vault maps discovered:
D:1:      minmay_arrival_jagged, layout_rooms, minmay_misc_feat_roman,
          serial_bayou_lagoon_a, chequers_arboretum
D:2:      minmay_skewed_foursquare, layout_basic, basic_ecumenical_altar
D:3:      layout_basic
D:4:      layout_rooms, nicolae_wu_jian_glorious_leap,
          grunt_temple_overflow_open
D:5:      layout_cave_pools, marbit_many_paths, kennysheep_cross_bottleneck

Skill      XL: |  1  2  3  4 |
---------------+-------------+-----
Unarmed Combat | 1 2 |  2.5
Stealth        | 2 3 |  3.9
Fighting       | 2 |  2.1
Dodging        | 4 |  4.1
Evocations     | |  3.2

Action                   |  1- 3 |  4- 6 || total
-------------------------+-------+-------++-------
Melee: Unarmed           |   169 |    62 ||   231
       Bite              |    17 |     7 ||    24
Invok: Sacrifice a Hand  |       |     1 ||     1
Evoke: Wand              |     5 |       ||     5
  Use: Scroll            |       |     2 ||     2
 Stab: Sleeping          |     6 |     4 ||    10
       Distracted        |       |     1 ||     1
Armor: Skin              |     9 |     1 ||    10
Dodge: Dodged            |   132 |    64 ||   196
